AoeStats
← Navix de los Bosques de Lituania

Arabia

514053726Analyzed
3v3 RM · 3d ago on Oct 16, 2026· 66m 28s· 6 players
Game mode
Random Map
Map size
Normal (6 player)
Population
200
Speed
Normal
Resources
Standard
Victory
Conquest
Starting age
Dark Age
Ending age
Imperial Age
RankedLock teamsTeams togetherTeam positionsShared explorationLock speedFull tech treeHidden civsTurbo modeCheats
Victory
Defeat
🇩🇰 Khmer · Denmark
920
+12
🇩🇰 Inca · Denmark
809
+17
🇩🇰 Magyars · Denmark
702
+22
vs
🇦🇹 Hindustanis · Austria
887
-19
🇧🇪 Persians · Belgium
873
-19
735
-13
LarsPeder
10:28 Feudal Age
8:44 Loom
12:18 Wheelbarrow
11:38 Double-Bit Axe
12:21 Horse Collar
24:47 Bloodlines
32:30 Castle Age
35:55 Hand Cart
36:14 Husbandry
36:28 Scale Barding Armor
36:24 Padded Archer Armor
36:15 Fletching
36:26 Scale Mail Armor
39:21 Heavy Plow
39:34 Bow Saw
39:23 Gold Mining
39:23 Stone Mining
40:04 Chain Barding Armor
40:00 Chain Mail Armor
40:00 Leather Archer Armor
39:41 Bodkin Arrow
41:03 Treadmill Crane
41:36 Masonry
41:37 Corvinian Army
43:59 Gold Shaft Mining
49:46 Imperial Age
51:47 Conscription
50:50 Elite Magyar Huszar
51:35 Recurve Bow
53:05 Cavalier
57:17 Paladin
65:22 Ring Archer Armor
65:31 Plate Barding Armor
67:38 Ring Archer Armor
Palmejorgen4637
8:16 Loom
12:08 Feudal Age
20:04 Castle Age
19:36 Double-Bit Axe
19:58 Horse Collar
22:12 Fletching
27:32 Heavy Plow
27:48 Bow Saw
27:24 Crossbowman
29:20 Wheelbarrow
28:54 Heavy Plow
31:44 Thumb Ring
32:00 Champi Runner
34:38 Champi Warrior
37:18 Bodkin Arrow
37:27 Padded Archer Armor
37:28 Scale Mail Armor
38:36 Andean Sling
40:56 Chain Mail Armor
40:52 Forging
40:44 Gold Mining
40:44 Stone Mining
47:55 Imperial Age
45:47 Hand Cart
52:17 Plate Mail Armor
52:23 Iron Casting
53:08 Bracer
53:26 Leather Archer Armor
53:14 Elite Kamayuk
56:07 Conscription
59:19 Fabric Shields
63:29 Capped Ram
65:33 Arbalester
TommyGunDKz
10:09 Feudal Age
8:44 Loom
14:01 Double-Bit Axe
14:35 Forging
14:31 Scale Barding Armor
14:40 Bloodlines
19:13 Horse Collar
23:22 Castle Age
22:05 Stone Mining
24:41 Husbandry
24:03 Light Cavalry
25:53 Chain Barding Armor
25:59 Bow Saw
25:43 Gold Mining
27:00 Crossbowman
30:09 Fletching
30:19 Padded Archer Armor
33:35 Gold Shaft Mining
32:27 Pikeman
34:42 Bodkin Arrow
39:08 Imperial Age
37:17 Wheelbarrow
36:28 Town Watch
37:21 Ballistics
36:57 Murder Holes
37:13 Masonry
39:16 Halberdier
40:00 Scale Mail Armor
40:36 Iron Casting
40:03 Bracer
40:19 Leather Archer Armor
39:29 Arbalester
40:39 Conscription
41:36 Chain Mail Armor
58:12 Blast Furnace
57:42 Ring Archer Armor
57:41 Heavy Plow
58:47 Tusk Swords
58:48 Double Crossbow
58:09 Elite Ballista Elephant
60:00 Arson
60:55 Hand Cart
61:14 Capped Ram
62:38 Siege Ram
ozcelik.huseyin
14:13 Feudal Age
14:51 Loom
19:15 Castle Age
17:05 Double-Bit Axe
17:04 Horse Collar
23:02 Heavy Plow
23:14 Bow Saw
32:48 Imperial Age
33:32 Forging
33:23 Scale Mail Armor
35:00 Two-Man Saw
34:33 Crop Rotation
36:08 Kamandaran
36:32 Pikeman
37:13 Squires
36:59 Arson
37:55 Iron Casting
37:35 Chain Mail Armor
38:24 Halberdier
41:14 Blast Furnace
41:01 Wheelbarrow
41:41 Citadels
46:31 Plate Mail Armor
53:36 Heavy Camel Rider
55:16 Scale Barding Armor
57:54 Chain Barding Armor
VladaN
8:10 Loom
10:21 Feudal Age
10:51 Town Watch
10:53 Double-Bit Axe
16:03 Castle Age
24:03 Scale Barding Armor
25:36 Husbandry
26:25 Chain Barding Armor
28:04 Scale Mail Armor
28:46 Squires
28:31 Arson
29:56 Husbandry
31:09 Chain Mail Armor
32:08 Forging
33:08 Bloodlines
36:17 Bow Saw
35:50 Horse Collar
37:18 Heavy Plow
37:14 Gold Mining
38:18 Wheelbarrow
40:05 Gold Shaft Mining
40:23 Hand Cart
41:12 Stone Mining
42:30 Stone Shaft Mining
49:45 Ballistics
49:23 Murder Holes
50:10 Iron Casting
58:31 Imperial Age
60:17 Blast Furnace
60:04 Conscription
60:05 Masonry
60:56 Chemistry
Navix de los Bosques de Lituania
Connection lost

Rejoining the realm…

Still unreachable

The connection could not be restored.

Session expired

The server has moved on; the page needs a fresh start.